 Dungeon Crawl Stone Soup version 0.19.1-1-g22dce08 (webtiles) character file.

25 Megalobster the Conjurer (level 2, -1/15 HPs)
             Began as a Deep Elf Conjurer on Jan 13, 2017.
             Slain by Ijyb
             ... wielding a +2 club
              (3 damage)
             ... on level 2 of the Dungeon.
             The game lasted 00:08:13 (1272 turns).

Megalobster the Conjurer (Deep Elf Conjurer)        Turns: 1272, Time: 00:08:14

Health: -1/15      AC:  4    Str:  5    XL:     2   Next: 86%
Magic:  0/8        EV: 13    Int: 19    God:
Gold:   104        SH:  0    Dex: 15    Spells: 2 memorised, 5 levels left

rFire  . . .     SeeInvis .     m - +1 dagger (speed)
rCold  . . .     Gourm    .     a - +0 robe
rNeg   . . .     Faith    .     (no shield)
rPois  .         Spirit   .     h - +0 helmet
rElec  .         Reflect  .     p - +0 cloak
rCorr  .         Harm     .     (no gloves)
MR     +....                    (no boots)
Stlth  +++.......               (no amulet)
                                o - ring of stealth
                                n - ring of protection from magic

@: no status effects
A: no striking features
a: no special abilities


You were on level 2 of the Dungeon.
You were very hungry.

You visited 1 branch of the dungeon, and saw 2 of its levels.

You collected 104 gold pieces.

Inventory:

Hand Weapons
 i - a +0 dagger
 k - a +0 dagger
 m - a +1 dagger of speed (weapon)
Missiles
 l - 75 stones (quivered)
Armour
 a - a +0 robe (worn)
 h - a +0 helmet (worn)
 p - a +0 cloak (worn)
Jewellery
 n - a ring of protection from magic (left hand)
 o - a ring of stealth (right hand)
Scrolls
 d - 3 scrolls of remove curse
 e - a scroll of magic mapping {unknown}
 g - a scroll of identify {unknown}
 q - 2 scrolls of teleportation {unknown}
Potions
 f - a potion of haste {unknown}
 j - a potion of might {unknown}
 s - a potion of ambrosia {unknown}
Books
 b - a book of Conjurations

   Spells                             Type                      Level
   a - Magic Dart                     Conjuration                  1
   b - Searing Ray                    Conjuration                  2
   c - Dazzling Spray                 Conjuration/Hexes            3
   d - Fulminant Prism                Conjuration/Hexes            4
   e - Iskenderun's Mystic Blast      Conjuration                  4
   f - Iskenderun's Battlesphere      Conjuration/Charms           5
Comestibles
 c - a bread ration


   Skills:
 - Level 2.4 Dodging
 - Level 2.4 Stealth
 + Level 3.8 Spellcasting
 * Level 5.0 Conjurations


You had 5 spell levels left.
You knew the following spells:

 Your Spells              Type           Power        Failure   Level  Hunger
a - Magic Dart            Conj           ###.         1%          1    None
b - Searing Ray           Conj           ###...       2%          2    ##.....


Dungeon Overview and Level Annotations

Branches:
Dungeon (2/15)

Altars:

Annotations:
D:2 Ijyb


Message History

Ijyb screams, "You nasty!
Big nasty!"
Ijyb closely misses you.
Casting: Magic Dart
Confirm with . or Enter, or press ? or * to list all spells.
Aiming: Magic Dart
Press: ? - help, Shift-Dir - straight line, f/p - Ijyb
Aim: Ijyb, wielding an enchanted club and wearing a chain mail (heavily wounded)
The magic dart hits Ijyb.
Ijyb is severely wounded.
Ijyb hits you with an enchanted club.
* * * LOW HITPOINT WARNING * * *
Casting: Magic Dart
Confirm with . or Enter, or press ? or * to list all spells.
Aiming: Magic Dart
Press: ? - help, Shift-Dir - straight line, f/p - Ijyb
Aim: Ijyb, wielding an enchanted club and wearing a chain mail (severely wounded)
The magic dart hits Ijyb.
Ijyb is severely wounded.
Ijyb hits you with an enchanted club.
You die...

_ #.#.#.........#. .#
#.#.#.#.......# .#
#.....+.......# ..
##..#.#.......#
#.###.>#.#.......######
#.#..)...#.)...........
#.##.#########.###....#
#.%'.#########.###....#
#.##..@g...............
#.#....................
#.##...................
.. ####.#####..........
.# #.# #.......... .#
#.. +.......... _
#######..........
#..<#..........
#.###..........


You could see Ijyb.

Vanquished Creatures
  3 giant cockroaches (D:1)
  2 goblins (D:2)
  4 hobgoblins
  A quokka (D:2)
  A ball python (D:1)
  2 bats (D:2)
  A frilled lizard (D:1)
  5 kobolds
  6 rats
25 creatures vanquished.

Vanquished Creatures (others)
  4 toadstools (D:1)
4 creatures vanquished.

Grand Total: 29 creatures vanquished

Notes
Turn   | Place    | Note
-------+----------+-------------------------------------------
     0 | D:1      | Megalobster the Deep Elf Conjurer began the quest for the Orb.
     0 | D:1      | Reached XP level 1. HP: 10/10 MP: 6/6
   427 | D:1      | Reached XP level 2. HP: 15/15 MP: 5/8
   431 | D:1      | Learned a level 2 spell: Searing Ray
  1009 | D:2      | Reached skill level 5 in Conjurations
  1062 | D:2      | Found a faded altar of an unknown god.
  1062 | D:2      | Found a faded altar of an unknown god.
  1062 | D:2      | Noticed Ijyb
  1272 | D:2      | Slain by Ijyb

Skill      XL: |  1  2 |
---------------+-------+-----
Conjurations   | 5 |  5.0
Dodging        | |  2.4
Stealth        | |  2.4
Spellcasting   | |  3.8

Action                   || total
-------------------------++-------
Melee: Dagger            ||     4
 Cast: Magic Dart        ||    48
       Searing Ray       ||     5
  Use: Scroll            ||     1
Armor: Robe              ||     5
Dodge: Dodged            ||    16
